 Dungeon Crawl Stone Soup version 0.31.0-11-ge490571c62 (webtiles) character file.

Game seed: 17671694270001631595

65 qw the Shooter (level 3, 0/20 HPs)
             Began as a Deep Elf Hunter on Feb 3, 2024.
             Succumbed to their own poison gas
             ... on level 2 of the Dungeon.
             The game lasted 00:00:04 (1241 turns).

qw the Shooter (Deep Elf Hunter)                    Turns: 1241, Time: 00:00:04

Health: 0/20       AC:  5    Str: 10    XL:     3   Next: 92%
Magic:  5/5        EV: 11    Int: 13    God:
Gold:   84         SH:  0    Dex: 18    Spells: 2/2 levels left

rFire   . . .        a - +0 shortbow
rCold   . . .        (shield currently unavailable)
rNeg    . . .        f - +0 ring mail
rPois   .            (no helmet)
rElec   .            (no cloak)
rCorr   .            (no gloves)
SInv    .            (no boots)
Will    .....        (no amulet)
Stlth   +            (no ring)
HPRegen 0.23/turn    (no ring)
MPRegen 0.09/turn

%: no passive effects
@: lethally poisoned (0 -> -2)
A: no striking features
a: no special abilities


You were on level 2 of the Dungeon.
You visited 1 branch of the dungeon, and saw 2 of its levels.

You collected 84 gold pieces.


   Skills:
 - Level 1.5 Fighting
 + Level 7.4 Ranged Weapons
 - Level 2.4 Dodging
 - Level 1.2 Stealth


You had 2 spell levels left.
You didn't know any spells.
Your spell library was empty.

Inventory:

Hand Weapons
 a - a +0 shortbow (weapon)
Armour
 f - a +0 ring mail (worn)
Potions
 d - a potion of heal wounds

Dungeon Overview and Level Annotations

Branches:
Dungeon (2/15)

Altars:


Message History

It was a scroll of fear.
Done exploring.
1230 ||| READING scroll labelled ALYLIB RE YFEMM.
The air fills with toxic fumes!
As you read the scroll labelled ALYLIB RE YFEMM, it crumbles to dust.
It was a scroll of poison.
Done exploring.
1231 ||| READING scroll labelled MIDGHU CISIYM.
As you read the scroll labelled MIDGHU CISIYM, it dissolves into smoke.
It was a scroll of fog.
Done exploring.
What level of the Dungeon? (default 2, ? - help) Sorry, I don't know how to get there.
Enter note:
Enter note:
Enter note:
Enter note:
Enter note:
Enter note: You are engulfed in poison gas.
You are lethally poisoned!
You feel very sick.
1233 ||| Stepping ~*~*~tactically~*~*~ (cloud).
You feel very sick.
There is a lethal amount of poison in your body!
You feel very sick.
There is a lethal amount of poison in your body!
You feel sick.
There is a lethal amount of poison in your body!
You feel sick.
There is a lethal amount of poison in your body!
You feel sick.
There is a lethal amount of poison in your body!
You feel sick.
There is a lethal amount of poison in your body!
You feel sick.
There is a lethal amount of poison in your body!
You feel sick.
There is a lethal amount of poison in your body!
You die...

##### #0¤0# #00¤# ##¤0¤#
########## #¤¤0¤#
###........####¤@¤¤#
.##..........##0¤¤###########
..'..........¤0000¤¤...>....#
.##.....##.¤¤##¤000000..###.#
###....[##...##0.¤¤000¤0# #.#
#.....##...###0¤.00##¤# #.#
#............0¤¤0¤0##.# #.#
#####.........¤0¤.¤##.# #.#
#..........######.# #.#


There were no monsters in sight!

Vanquished Creatures
  2 adders (D:2)
  2 dart slugs (D:1)
  3 endoplasms (D:1)
  3 giant cockroaches
  4 goblins
  A hobgoblin (D:1)
  4 jackals (D:1)
  A quokka (D:1)
  3 ball pythons (D:1)
  8 bats
  A frilled lizard (D:2)
  7 kobolds
39 creatures vanquished.

Notes
Turn   | Place    | Note
-------+----------+-------------------------------------------
     0 | D:1      | qw the Deep Elf Hunter began the quest for the Orb.
     0 | D:1      | Reached XP level 1. HP: 12/12 MP: 3/3
     0 | D:1      | 0 ||| qw: Version: 0.3-a-157-g843a77d
     0 | D:1      | 0 ||| qw: Game counter: 4003
     0 | D:1      | 0 ||| qw: Melee chars always use a shield: true
     0 | D:1      | 0 ||| qw: God list: Okawaru
     0 | D:1      | 0 ||| qw: Allow faded altars: false
     0 | D:1      | 0 ||| qw: Do Orc after clearing Dungeon:15 true
     0 | D:1      | 0 ||| qw: Do second Lair branch before Depths: true
     0 | D:1      | 0 ||| qw: Lair rune preference: random
     0 | D:1      | 0 ||| qw: Goals: Normal
     0 | D:1      | 0 ||| PLANNING D:1-11
   153 | D:1      | Reached skill level 6 in Ranged Weapons
   153 | D:1      | Reached XP level 2. HP: 12/16 MP: 4/4
   422 | D:1      | Reached XP level 3. HP: 20/20 MP: 5/5
   694 | D:1      | 694 ||| UPGRADING to +0 ring mail.
   704 | D:1      | 704 ||| DROPPING +0 leather armour.
   705 | D:1      | 705 ||| DROPPING ring of wizardry.
   706 | D:1      | 706 ||| READING scroll labelled FUNOJA JUBI.
   706 | D:1      | 706 ||| IDENTIFYING fuming green potion
   707 | D:1      | 707 ||| DROPPING scroll of butterflies.
   834 | D:2      | Reached skill level 7 in Ranged Weapons
  1229 | D:2      | 1229 ||| READING scroll labelled MUID KUT AQID.
  1230 | D:2      | 1230 ||| READING scroll labelled ALYLIB RE YFEMM.
  1231 | D:2      | 1231 ||| READING scroll labelled MIDGHU CISIYM.
  1233 | D:2      | 1233 ||| Stepping ~*~*~tactically~*~*~ (cloud).
  1236 | D:2      | HP: 5/20 [poisoned by you (poison gas)]
  1238 | D:2      | HP: 2/20 [poisoned by you (poison gas)]
  1241 | D:2      | Succumbed to their own poison gas

Levels and vault maps discovered:
D:1:      dpeg_arrival_boxes_within_box, layout_loops_cross
D:2:      layout_basic

Skill      XL: |  1  2  3 |
---------------+----------+-----
Ranged Weapons | 6 7 |  7.4
Fighting       | |  1.5
Dodging        | |  2.4
Stealth        | |  1.2

Action                     || total
---------------------------++-------
   Fire: Shortbow          ||   105
    Use: Scroll            ||     4
 Armour: Leather armour    ||    23
         Ring mail         ||     2
  Dodge: Dodged            ||    35

Table legend:
 A = Non-vault XP
 B = Vault XP
 C = Vault XP percentage of total XP
 D = Non-vault monster count
 E = Vault monster count
 F = Vault count percentage of total count
                 A         B        C        D         E       F
            +---------+---------+-------+---------+---------+-------
      Total |      93 |       0 |   0.0 |      39 |       0 |   0.0
            +---------+---------+-------+---------+---------+-------
        D:1 |      51 |       0 |   0.0 |      27 |       0 |   0.0
        D:2 |      42 |       0 |   0.0 |      12 |       0 |   0.0
            +---------+---------+-------+---------+---------+-------
